 Dungeon Crawl Stone Soup version 0.31.0-11-ge490571c62 (webtiles) character file.

Game seed: 6669691371243716555

625 qw the Shooter (level 7, 0/35 HPs)
             Began as a Spriggan Hunter on Feb 4, 2024.
             Slain by an ice beast (4 damage)
             ... on level 5 of the Dungeon.
             The game lasted 00:00:15 (3434 turns).

qw the Shooter (Spriggan Hunter)                    Turns: 3434, Time: 00:00:16

Health: 0/35       AC:  2    Str:  7    XL:     7   Next: 23%
Magic:  8/8        EV: 22    Int: 10    God:
Gold:   244        SH:  0    Dex: 21    Spells: 6/6 levels left

rFire   + . .        a - +1 shortbow (flame)
rCold   . . .        (shield currently unavailable)
rNeg    . . .        c - +0 robe
rPois   .            (helmet restricted)
rElec   .            (no cloak)
rCorr   .            (gloves unavailable)
SInv    +            (boots unavailable)
Will    +....        (no amulet)
Stlth   ++           b - ring of protection from fire
HPRegen 0.25/turn    (no ring)
MPRegen 0.11/turn

%: no passive effects
@: about to teleport, very quick
A: very small, no large weapons, unfitting armour, see invisible, speed 3
a: no special abilities


You were on level 5 of the Dungeon.
You visited 1 branch of the dungeon, and saw 5 of its levels.

You collected 244 gold pieces.


Innate Abilities, Weirdness & Mutations

You are very small and have problems with some larger weapons.
You are too small for most types of armour.
You have supernaturally acute eyesight. (SInv)
You cover ground extremely quickly. (Speed+++)


   Skills:
 - Level 2.0 Fighting
 + Level 7.1 Ranged Weapons
 - Level 7.0 Dodging
 - Level 1.5 Stealth


You had 6 spell levels left.
You didn't know any spells.
Your spell library was empty.

Inventory:

Hand Weapons
 a - a +1 shortbow of flaming (weapon)
Armour
 c - a +0 robe (worn)
 g - a +1 cloak of preservation
Jewellery
 b - a ring of protection from fire (left hand)
 e - a ring of ice
Wands
 m - a wand of charming (10)
Scrolls
 h - a scroll of enchant armour
 k - 3 scrolls of teleportation
Potions
 d - 2 potions of curing
 f - 2 potions of might
 i - a potion of heal wounds
 j - a potion of ambrosia {unknown}
 l - a potion of berserk rage {unknown}

Dungeon Overview and Level Annotations

Branches:
Dungeon (5/15)
 Temple: D:4-7

Altars:
Kikubaaqudgha
Qazlal
Sif Muna


Message History

You see here a hound corpse.
k - 4 scrolls of teleportation (gained 3)
Found a runed cloak.
You see here the +0 toga "Victory" {*Victory Clar}.
Enter note:
Enter note:
g - a +1 cloak of preservation An ice beast comes into view.
You shoot an arrow. The arrow hits the ice beast.
The arrow melts the ice beast.
The ice beast is moderately wounded.
You shoot an arrow. The arrow barely misses the ice beast.
You shoot an arrow. The arrow barely misses the ice beast.
You shoot an arrow.
The arrow hits the ice beast but does no damage.
The ice beast is moderately wounded.
You shoot an arrow. The arrow barely misses the ice beast.
You shoot an arrow. The arrow closely misses the ice beast.
The ice beast misses you.
You shoot an arrow.
The arrow completely misses the ice beast.
The ice beast barely misses you.
You shoot an arrow. The arrow barely misses the ice beast.
The ice beast hits you. The ice beast freezes you!
You shoot an arrow. The arrow hits the ice beast.
The arrow melts the ice beast.
The ice beast is moderately wounded.
The ice beast closely misses you.
You shoot an arrow. The arrow barely misses the ice beast.
The ice beast hits you. The ice beast freezes you!
You shoot an arrow. The arrow barely misses the ice beast.
The ice beast misses you.
You shoot an arrow. The arrow hits the ice beast.
The arrow melts the ice beast.
The ice beast is moderately wounded.
The ice beast misses you.
You shoot an arrow. The arrow barely misses the ice beast.
The ice beast hits you. The ice beast freezes you.
3434 ||| READING 4 scrolls of teleportation.
As you read the scroll of teleportation, it crumbles to dust.
You feel strangely unstable. The ice beast hits you.
You die...

...######### ##.....##
............. ........
............# #.....##
............## #.....#
.............# #.....#
.............# #.....#
#............# #.....#
.............####.....##
..../.Y@.....[.........#
............#####...##.#
............# #.......
.#......##### #.......
#........ .........
......... ###......#
#........ #...####
.........# ...... .####


You could see an ice beast.

Vanquished Creatures
  A phantom (D:5)
  4 bombardier beetles
  A human zombie (D:4)
  2 hounds (D:5)
  A jelly (D:4)
  2 orc wizards
  Robin (D:4)
  3 gnolls (D:4)
  9 adders
  A ribbon worm zombie (D:4)
  A white imp (D:5)
  5 dart slugs
  3 ribbon worms
  10 orcs
  8 endoplasms
  2 giant cockroaches
  15 goblins
  7 hobgoblins
  3 jackals (D:3)
  A quokka (D:3)
  8 ball pythons
  4 bats
  3 frilled lizards
  A hobgoblin zombie (D:4)
  3 kobolds
  5 rats
104 creatures vanquished.

Notes
Turn   | Place    | Note
-------+----------+-------------------------------------------
     0 | D:1      | qw the Spriggan Hunter began the quest for the Orb.
     0 | D:1      | Reached XP level 1. HP: 10/10 MP: 2/2
     0 | D:1      | 0 ||| qw: Version: 0.3-a-160-g6735b56
     0 | D:1      | 0 ||| qw: Game counter: 5410
     0 | D:1      | 0 ||| qw: Melee chars always use a shield: true
     0 | D:1      | 0 ||| qw: God list: Okawaru
     0 | D:1      | 0 ||| qw: Allow faded altars: false
     0 | D:1      | 0 ||| qw: Do Orc after clearing Dungeon:15 true
     0 | D:1      | 0 ||| qw: Do second Lair branch before Depths: true
     0 | D:1      | 0 ||| qw: Lair rune preference: random
     0 | D:1      | 0 ||| qw: Goals: Normal
     0 | D:1      | 0 ||| PLANNING D:1-11
   105 | D:1      | Reached skill level 3 in Dodging
   311 | D:1      | Reached XP level 2. HP: 14/14 MP: 3/3
   539 | D:1      | 539 ||| READING scroll labelled MUODWOGUME.
   542 | D:1      | 542 ||| READING scroll labelled VOCKOG KUHU.
   543 | D:1      | 543 ||| READING scroll labelled SEATENGOAST.
   543 | D:1      | 543 ||| ENCHANTING +0 shortbow.
   544 | D:1      | 544 ||| READING scroll labelled APHUBL RIDGHERCH.
   545 | D:1      | 545 ||| READING 3 scrolls labelled YKKECUBEIPS.
   545 | D:1      | 545 ||| IDENTIFYING lumpy brown potion
   546 | D:1      | 546 ||| READING 2 scrolls of identify.
   546 | D:1      | 546 ||| IDENTIFYING glowing black potion
   547 | D:1      | 547 ||| READING scroll of identify.
   547 | D:1      | 547 ||| IDENTIFYING yellow potion
   548 | D:1      | 548 ||| DRINKING 3 sapphire potions.
   549 | D:1      | 549 ||| DROPPING scroll of butterflies.
   550 | D:1      | 550 ||| DROPPING potion of attraction.
   551 | D:1      | 551 ||| DROPPING potion of degeneration.
   570 | D:2      | Found a stormy altar of Qazlal.
   708 | D:2      | Reached XP level 3. HP: 18/18 MP: 4/4
   958 | D:2      | Reached XP level 4. HP: 22/22 MP: 5/5
  1158 | D:2      | 1158 ||| UPGRADING to ring of protection from fire.
  1159 | D:2      | 1159 ||| READING 2 scrolls of identify.
  1159 | D:2      | 1159 ||| IDENTIFYING scroll labelled VOTHAI BYFUSOA
  1160 | D:2      | 1160 ||| DROPPING scroll of poison.
  1435 | D:3      | Reached XP level 5. HP: 26/26 MP: 6/6
  1850 | D:3      | Found a shimmering blue altar of Sif Muna.
  1867 | D:3      | 1867 ||| READING scroll of identify.
  1867 | D:3      | 1867 ||| IDENTIFYING fuming purple potion
  1868 | D:3      | 1868 ||| READING scroll labelled DULAOGI RIUPN.
  1868 | D:3      | 1868 ||| BRANDING +0 shortbow.
  1869 | D:3      | 1869 ||| READING scroll labelled QUSO EHANUKH.
  1869 | D:3      | 1869 ||| ENCHANTING +0 shortbow of freezing.
  1893 | D:4      | 1893 ||| PLANNING OSSUARY
  2172 | D:4      | 2172 ||| FLEEEEING.
  2173 | D:4      | 2173 ||| FLEEEEING.
  2174 | D:4      | 2174 ||| FLEEEEING.
  2175 | D:4      | 2175 ||| FLEEEEING.
  2176 | D:4      | 2176 ||| FLEEEEING.
  2177 | D:4      | 2177 ||| FLEEEEING.
  2326 | D:4      | Reached skill level 6 in Ranged Weapons
  2337 | D:4      | Noticed Robin
  2341 | D:4      | Killed Robin
  2342 | D:4      | Reached XP level 6. HP: 30/30 MP: 7/7
  2467 | D:4      | Reached skill level 6 in Dodging
  2486 | D:4      | 2486 ||| READING scroll of brand weapon.
  2486 | D:4      | 2486 ||| BRANDING +1 shortbow of freezing.
  2575 | D:4      | 2575 ||| FLEEEEING.
  2576 | D:4      | 2576 ||| FLEEEEING.
  2579 | D:4      | 2579 ||| FLEEEEING.
  2580 | D:4      | 2580 ||| FLEEEEING.
  2704 | D:4      | Found a sand-covered staircase.
  2705 | D:4      | 2705 ||| RIP OSSUARY
  2705 | D:4      | 2705 ||| PLANNING D:1-11
  2754 | D:4      | 2754 ||| FLEEEEING.
  2755 | D:4      | 2755 ||| FLEEEEING.
  2756 | D:4      | 2756 ||| FLEEEEING.
  2757 | D:4      | 2757 ||| FLEEEEING.
  2758 | D:4      | 2758 ||| FLEEEEING.
  2759 | D:4      | 2759 ||| FLEEEEING.
  2760 | D:4      | 2760 ||| FLEEEEING.
  2761 | D:4      | 2761 ||| FLEEEEING.
  3088 | D:4      | Found an ancient bone altar of Kikubaaqudgha.
  3189 | D:4      | 3189 ||| READING scroll labelled UNAIRHOVOQ.
  3196 | D:5      | Entered Level 5 of the Dungeon
  3222 | D:5      | Reached XP level 7. HP: 28/35 MP: 8/8
  3264 | D:5      | 3264 ||| FLEEEEING.
  3265 | D:5      | 3265 ||| FLEEEEING.
  3266 | D:5      | 3266 ||| FLEEEEING.
  3267 | D:5      | 3267 ||| FLEEEEING.
  3268 | D:5      | 3268 ||| FLEEEEING.
  3269 | D:5      | 3269 ||| FLEEEEING.
  3270 | D:5      | 3270 ||| FLEEEEING.
  3271 | D:5      | 3271 ||| FLEEEEING.
  3272 | D:5      | 3272 ||| FLEEEEING.
  3273 | D:5      | 3273 ||| FLEEEEING.
  3275 | D:5      | 3275 ||| FLEEEEING.
  3276 | D:5      | 3276 ||| FLEEEEING.
  3282 | D:5      | 3282 ||| FLEEEEING.
  3283 | D:5      | 3283 ||| FLEEEEING.
  3284 | D:5      | 3284 ||| FLEEEEING.
  3285 | D:5      | 3285 ||| STAIRDANCE
  3403 | D:5      | Found the +0 toga "Victory" {*Victory Clar}
  3433 | D:5      | HP: 4/35 [ice beast (6)]
  3434 | D:5      | 3434 ||| READING 4 scrolls of teleportation.
  3434 | D:5      | Slain by an ice beast

Levels and vault maps discovered:
D:1:      ebering_hopf_link, layout_loops_ring
D:2:      layout_loops_ring, basic_altar
D:3:      layout_rooms, kennysheep_orc_sif_temple, grunt_decor_clamped,
          hangedman_feature_mirror, st_stairs_9
D:4:      layout_layer_cave, marbit_many_paths, enter_ossuary_3, uniq_robin
D:5:      layout_basic, kennysheep_mini, grunt_decor_fettered

Skill      XL: |  1  2  3  4  5  6  7 |
---------------+----------------------+-----
Dodging        | 3 4 5 6 7 |  7.0
Ranged Weapons | 5 6 7 |  7.1
Fighting       | 2 |  2.0
Stealth        | |  1.5

Action                     |  1- 3 |  4- 6 |  7- 9 || total
---------------------------+-------+-------+-------++-------
   Fire: Shortbow          |    88 |   211 |    33 ||   332
    Use: Scroll            |     7 |     6 |     1 ||    14
         Potion            |     1 |       |       ||     1
 Armour: Robe              |     5 |    23 |     7 ||    35
  Dodge: Dodged            |    26 |    38 |     8 ||    72

Table legend:
 A = Non-vault XP
 B = Vault XP
 C = Vault XP percentage of total XP
 D = Non-vault monster count
 E = Vault monster count
 F = Vault count percentage of total count
                 A         B        C        D         E       F
            +---------+---------+-------+---------+---------+-------
      Total |     783 |     110 |  12.3 |      87 |      17 |  16.3
            +---------+---------+-------+---------+---------+-------
        D:1 |      24 |       0 |   0.0 |      17 |       0 |   0.0
        D:2 |      85 |       0 |   0.0 |      20 |       0 |   0.0
        D:3 |     112 |      18 |  13.8 |      22 |       3 |  12.0
        D:4 |     329 |      92 |  21.9 |      22 |      14 |  38.9
        D:5 |     233 |       0 |   0.0 |       6 |       0 |   0.0
            +---------+---------+-------+---------+---------+-------
